cohdb
Replays
Latest Replays
All Replays
Popular Replays
Top Player Replays
Match Explorer
How It Works
Community
CoH3 Stats
Reddit
Sign in to upload your games and track your stats! →
Sign in with Steam
Match 40917921
Unlisted
Match 40917921
Overview
Messages
Build Orders
End
Scout Squad
Selects Special Operations Battlegroup
Selects M29 Weasel Recon Vehicle
M29 Weasel Recon Vehicle
Engineer Squad
Construct Weapon Support Center
M1919 Machine Gun Team
M1919 Machine Gun Team
Bazooka Squad
Infantry Support Center
Construct Medical Station
M3 Armored Personnel Carrier
Selects Raiding Flares
Selects SSF Commando Squad
SSF Commando Squad
Advanced Logistics
SSF Commando Squad
SSF Commando Squad
Construct Tank Depot
Improved M9 Bazooka Rockets
SSF Commando Squad
SSF Commando Squad
M18 Hellcat Tank Destroyer
Engineer Squad
Selects P-47 Anti-Infantry Loiter
nub
Pie-Eater
0
0
Comments
sign in to comment!
No comments posted yet!